 Dungeon Crawl Stone Soup version 0.29-a0-214-g17f627cfee (webtiles) character file.

Game seed: 6725596688531198528

1650 spaghetti the Soothsayer (level 8, -5/61 HPs)
             Began as a Demonspawn Fighter on Feb 24, 2022.
             Was a Priest of Nemelex Xobeh.
             Slain by an ogre
             ... wielding a +0 giant club
              (31 damage)
             ... on level 6 of the Dungeon.
             The game lasted 00:10:13 (6742 turns).

spaghetti the Soothsayer (Demonspawn Fighter)       Turns: 6742, Time: 00:10:13

Health: -5/61      AC:  8    Str: 23    XL:     8   Next: 67%
Magic:  13/13      EV: 10    Int: 11    God:    Nemelex Xobeh [***...]
Gold:   282        SH:  4    Dex: 12    Spells: 7/7 levels left

rFire   x . .      SeeInvis .     - Unarmed
rCold   . . .      Faith    .   b - +0 buckler
rNeg    + . .      Spirit   .   y - +2 ring mail {rN+}
rPois   .          Reflect  .   (helmet restricted)
rElec   .          Harm     .   (no cloak)
rCorr   .          Rampage  .   B - +0 pair of gloves of Generosity {rF- Str+5}
Will    +....                   (no boots)
Stlth   +.........              (no amulet)
HPRegen 0.20/turn               q - ring of wizardry
MPRegen 0.13/turn               (no ring)

@: studying Earth Magic
A: antennae 1, foul stench 1, sturdy frame 1, low MP 1, strong-willed 1
a: Renounce Religion, Draw Escape, Draw Destruction, Draw Summoning, Triple Draw


You were on level 6 of the Dungeon.
You worshipped Nemelex Xobeh.
Nemelex Xobeh was most pleased with you.
You visited 1 branch of the dungeon, and saw 6 of its levels.

You collected 282 gold pieces.


Innate Abilities, Weirdness & Mutations

You have a pair of small antennae on your head.
You may rarely emit foul miasma when damaged in melee.
Your movements are slightly less encumbered by armour. (ER -2)
Your magical capacity is low. (-10% MP)
You are strong-willed. (Will+)


   Skills:
 + Level 4.6 Fighting
 - Level 2.6 Armour
 - Level 2.6 Shields
 + Level 7.2 Unarmed Combat
 + Level 9.1 Invocations


You had 7 spell levels left.
You didn't know any spells.
Your spell library contained the following spells:

 Spells                   Type           Power      Damage    Failure   Level
 Animate Skeleton         Necr           0%         N/A       24%         1
 Magic Dart               Conj           0%         1d3       24%         1
 Pain                     Necr           0%         1d4       24%         1
 Sting                    Tmut/Pois      0%         1d3       24%         1
 Ensorcelled Hibernation  Hex/Ice        0%         N/A       32%         2
 Poisonous Vapours        Pois/Air       0%         N/A       32%         2
 Searing Ray              Conj           0%         2d4       32%         2
 Spider Form              Tmut/Pois      0%         N/A       54%         3
 Vampiric Draining        Necr           0%         2d6       54%         3
 Anguish                  Hex/Necr       0%         N/A       90%         4
 Fulminant Prism          Conj/Hex       0%         3d6       90%         4
 Olgreb's Toxic Radiance  Pois           0%         N/A       90%         4
 Chain Lightning          Conj/Air       0%         N/A       100%        9
 Fire Storm               Conj/Fire      0%         5d1       100%        9
 Shatter                  Erth           0%         3d5*      100%        9

Inventory:

Hand Weapons
 d - a +0 dagger {short}
   (You found it on level 1 of the Dungeon)
 f - a +0 mace {mace}
   (You found it on level 1 of the Dungeon)
 k - a +0 dagger {short}
   (You took it off a goblin on level 1 of the Dungeon)
 l - a +0 short sword {short}
   (You took it off a kobold on level 1 of the Dungeon)
 r - a +0 dagger {short}
   (You found it on level 1 of the Dungeon)
Missiles
 e - 196 stones (quivered) {throwing}
 j - 6 boomerangs {throwing}
 u - a throwing net {=f!fthrowing}
 v - 4 javelins {throwing}
 z - 6 poisoned darts {throwing}
Armour
 a - a +0 scale mail
 b - a +0 buckler (worn)
 y - a +2 ring mail of positive energy (worn)
   (You took it off Terence on level 2 of the Dungeon)
 B - the +0 pair of gloves of Generosity (worn) {rF- Str+5}
   (You acquired it on level 3 of the Dungeon)

   Str:       It affects your strength (+5).
   rF:        It makes you vulnerable to fire.
 K - the +0 robe of Yesterday {Fly Will- Dex+4}
   (You found it on level 4 of the Dungeon)

   Dex:       It affects your dexterity (+4).
   Fly:       It grants you flight.
   Will:      It decreases your willpower.
 L - the +1 leather armour of the Thunderstorm {rN+ Dex+2}
   (You found it on level 4 of the Dungeon)

   Dex:       It affects your dexterity (+2).
   rN:        It protects you from negative energy.
Jewellery
 q - a ring of wizardry (left hand)
   (You found it on level 1 of the Dungeon)
Wands
 A - a wand of flame (43)
   (You found it on level 2 of the Dungeon)
 J - a wand of digging (6)
   (You found it on level 4 of the Dungeon)
 M - a wand of polymorph (3)
   (You took it off Blork the orc on level 5 of the Dungeon)
 O - a wand of acid (9)
   (You took it off an orc on level 5 of the Dungeon)
 P - a wand of iceblast (10)
   (You took it off Ijyb on level 5 of the Dungeon)
Scrolls
 g - 2 scrolls of amnesia
 h - a scroll of silence {!r}
 i - 2 scrolls of noise {!r}
 o - a scroll of fog
 s - 3 scrolls of vulnerability {unknown}
 C - a scroll of blinking {!r}
 D - 2 scrolls of teleportation {@r4}
 G - 2 scrolls of immolation {unknown}
Potions
 c - a potion of might
 m - 2 potions of ambrosia {unknown}
 p - a potion of flight {unknown}
 t - 2 potions of heal wounds {unknown}
 w - a potion of berserk rage {unknown}
 x - a potion of lignification {unknown}
 E - 3 potions of curing {unknown}
 F - 2 potions of attraction {unknown}
 H - 2 potions of brilliance {unknown}
 I - a potion of degeneration {unknown}
 N - a potion of haste {unknown}

Dungeon Overview and Level Annotations

Branches:
Dungeon (6/15)
 Temple: D:4-7

Altars:
Elyvilon
Nemelex Xobeh
The Shining One

#...# #..........#..#......#
....# #.....##...#..#......#
....# #####'##...#..#......#
....# #..........#..#......#
#...#.....#.....#########....°.#
#...#.....+.....#..........#
#...#.....#'#####..........#
....+...........§§§........#
....#...........@O§...$....#
#...........§##+##+##### #
#..........<....... #
#.................. #
#.....#######..###. # #...).#
....# # #...))# ....# # #.....#
....# #####.....###### ..#


You could see an ogre.


Message History

You take 4 damage, and now have 29/61 hp.
You hit the orc priest but do no damage.
The orc priest is engulfed in dark miasma.
The orc priest looks even sicker.
You kill the orc priest!
The orc priest miscasts a cantrip. 😨 HP[+1]
You closely miss the orc priest.
The orc priest hits you with a +0 short sword.
* * * LOW HITPOINT WARNING * * *
😨 HP[-4]
You take 4 damage, and now have 26/61 hp.
You hit the orc priest.
You kill the orc priest!
Things that are here:
a +0 short sword {short}; a +0 scale mail; an orc corpse You start resting. 😎 HP[+35]
Your hp is fully restored (61).
Things that are here:
a +0 dagger {short}; a +0 robe; an orc corpse You now have 261 gold pieces (gained 7).
You see here a +0 club {mace}.
e - 163 stones {throwing} (gained 7)
You now have 270 gold pieces (gained 9).
E - 3 coppery potions (gained 1)
n - 6 scrolls labelled QUTTIO YSCHAARR (gained 1)
You open the door.
There is an open door here.
You now have 282 gold pieces (gained 12).
Nemelex Xobeh deals you some cards!
You now have 3 escape cards, 8 destruction cards and 2 summoning cards.
As you read the scroll labelled QUTTIO YSCHAARR, it crumbles to dust.
It is a scroll of identify.
o - a scroll of fog
As you read the scroll of identify {@r1}, it crumbles to dust.
C - a scroll of blinking
As you read the scroll of identify {@r1}, it crumbles to dust.
i - 2 scrolls of noise
As you read the scroll of identify {@r1}, it crumbles to dust.
h - a scroll of silence
As you read the scroll of identify {@r1}, it crumbles to dust.
g - 2 scrolls of amnesia
As you read the scroll of identify {@r1}, it crumbles to dust.
D - a scroll of teleportation
Okay, then.
Okay, then.
e - 196 stones {throwing} (gained 33) As you open the door, it creaks loudly!
There is an open door here.
n - a scroll labelled ARINUTS BEVE
There is an open door here.
You open the door.
There is an open door here.
You open the door.
There is an open door here.
You open the door.
There is an open door here.
D - 2 scrolls of teleportation {@r4} (gained 1)
An ogre comes into view. It is wielding a +0 giant club.
The ogre shouts!
As you read the scroll labelled ARINUTS BEVE, it crumbles to dust.
It is a scroll of enchant armour.
Your +1 ring mail of positive energy glows green for a moment.
Unknown command.
You punch the ogre!
The ogre hits you with a +0 giant club!!
You are too injured to fight recklessly!
You are too injured to fight recklessly!
You are too injured to fight recklessly!
You are too injured to fight recklessly! 😮 HP[-18]
You take 18 damage, and now have 43/61 hp.
MASSIVE DAMAGE!! (PAUSE)
You completely miss the ogre. The ogre barely misses you.
You hit the ogre but do no damage. You hit the ogre.
The ogre hits you with a +0 giant club. 😮 HP[-6]
You take 6 damage, and now have 37/61 hp.
You hit the ogre. The ogre hits you with a +0 giant club!
* * * LOW HITPOINT WARNING * * *
😨 HP[-14]
You take 14 damage, and now have 23/61 hp.
MASSIVE DAMAGE!! (PAUSE)
You draw a card...
You have drawn the Orb.
Press: ? - help, Shift-Dir - straight line, f - ogre
Aim: an ogre, wielding a +0 giant club (heavily wounded)
Your orb of destruction hits a rock wall. 😨 HP[+1]
Your orb of destruction hits a rock wall. x2
Your orb of destruction hits a rock wall.
The ogre barely misses you.
You draw a card...
You have drawn Exile. 😨 HP[+1]
You draw a card...
You have drawn the Cloud.
Clouds appear around you!
The ogre hits you with a +0 giant club!!
Ouch! That really hurt!
You die...
Your body glows slightly and disappears.

Skill      XL: |  1  2  3  4  5  6  7  8 |
---------------+-------------------------+-----
Unarmed Combat | 2 3 4 5 6 7 |  7.2
Invocations    | 2 3 5 6 8 9 |  9.1
Fighting       | 4 |  4.6
Armour         | |  2.6
Shields        | |  2.6

Action                   |  1- 3 |  4- 6 |  7- 9 || total
-------------------------+-------+-------+-------++-------
Melee: Unarmed           |   131 |   130 |   167 ||   428
Invok: Draw Destruction  |     5 |     3 |     5 ||    13
       Draw Summoning    |     1 |     1 |     6 ||     8
       Draw Escape       |       |       |     5 ||     5
  Use: Scroll            |       |     2 |     7 ||     9
       Potion            |       |       |     1 ||     1
Armor: Scale mail        |    61 |       |       ||    61
       Ring mail         |     1 |    40 |    38 ||    79
Dodge: Dodged            |    50 |    51 |    61 ||   162
Block: Buckler           |    35 |    20 |    27 ||    82

Levels and vault maps discovered:
D:1:      lemuel_arrival_funnel, layout_loops_ring,
          shapermc_ecumenical_altar_mp_highgroup, minmay_crystal_water,
          nicolae_wormholes
D:2:      minmay_angry_zag, layout_basic, uniq_robin, uniq_terence
D:3:      layout_basic, tso_oasis_becter
D:4:      layout_basic, elyvilon_altar_1, portal_sewer_entry_f, uniq_grinder,
          uniq_menkaure, uniq_edmund
D:5:      layout_basic, uniq_ijyb, uniq_blork_the_orc, uniq_eustachio
D:6:      layout_gridville, minmay_temple_entry_statues

Notes
Turn   | Place    | Note
-------+----------+-------------------------------------------
     0 | D:1      | spaghetti the Demonspawn Fighter began the quest for the
                  | Orb.
     0 | D:1      | Reached XP level 1. HP: 18/18 MP: 1/1
     0 | D:1      | magus.rc [v1.9.6]
    50 | D:1      | HP: 3/18 [worm (7)]
   404 | D:1      | Reached skill level 2 in Unarmed Combat
   499 | D:1      | Gained mutation: You have a pair of small antennae on your
                  | head. [demonic ancestry]
   499 | D:1      | Reached XP level 2. HP: 24/24 MP: 2/2
   839 | D:1      | Found a faded altar of an unknown god.
   921 | D:1      | Reached skill level 3 in Unarmed Combat
   930 | D:1      | Prayed at the altar of an unknown god.
   930 | D:1      | Became a worshipper of Nemelex Xobeh the Trickster
   930 | D:1      | Reached * piety under Nemelex Xobeh
   930 | D:1      | Received a gift from Nemelex Xobeh
  1323 | D:2      | Reached XP level 3. HP: 20/29 MP: 3/3
  1426 | D:2      | Noticed Terence
  1442 | D:2      | Killed Terence
  1443 | D:2      | Reached skill level 1 in Invocations
  1708 | D:2      | Noticed Robin
  1714 | D:2      | Killed Robin
  1715 | D:2      | Reached skill level 2 in Invocations
  1715 | D:2      | Reached XP level 4. HP: 27/35 MP: 5/5
  1860 | D:2      | Received a gift from Nemelex Xobeh
  2202 | D:2      | Reached ** piety under Nemelex Xobeh
  2415 | D:3      | You add the spells Sting, Poisonous Vapours and Olgreb's
                  | Toxic Radiance to your library.
  2435 | D:3      | Identified a scroll of acquirement
  2435 | D:3      | Acquired a manual of Earth Magic
  2521 | D:3      | Acquired the +0 pair of gloves of Generosity {rF- Str+5}
  2669 | D:3      | Reached skill level 3 in Invocations
  2828 | D:3      | You pick up a book of Dreams and begin reading...
  2828 | D:3      | You add the spells Ensorcelled Hibernation, Spider Form and
                  | Anguish to your library.
  2984 | D:3      | Reached skill level 4 in Unarmed Combat
  3044 | D:3      | Reached XP level 5. HP: 35/41 MP: 7/7
  3175 | D:3      | Reached skill level 4 in Invocations
  3300 | D:3      | You pick up a book of Necromancy and begin reading...
  3300 | D:3      | You add the spells Pain, Animate Skeleton and Vampiric
                  | Draining to your library.
  3442 | D:4      | Noticed Grinder
  3450 | D:4      | Killed Grinder
  3451 | D:4      | Reached skill level 5 in Unarmed Combat
  3451 | D:4      | Reached skill level 5 in Invocations
  3451 | D:4      | Gained mutation: You may rarely emit foul miasma when
                  | damaged in melee. [demonic ancestry]
  3451 | D:4      | Reached XP level 6. HP: 47/47 MP: 8/10
  3480 | D:4      | Noticed Menkaure
  3483 | D:4      | Killed Menkaure
  3484 | D:4      | Reached skill level 6 in Invocations
  3484 | D:4      | Gained mutation: Your movements are slightly less
                  | encumbered by armour. (ER -2) [demonic ancestry]
  3484 | D:4      | Reached XP level 7. HP: 30/52 MP: 11/11
  3485 | D:4      | Noticed Edmund
  3490 | D:4      | Killed Edmund
  3718 | D:4      | Found a glowing drain.
  3736 | D:4      | Reached skill level 7 in Invocations
  3863 | D:4      | Identified the +0 robe of Yesterday {Fly Will- Dex+4}
  3945 | D:4      | You pick up a book of Conjurations {@e2} and begin
                  | reading...
  3945 | D:4      | You add the spells Magic Dart, Searing Ray and Fulminant
                  | Prism to your library.
  3987 | D:4      | HP: 10/52 [ogre/+0 giant club (17)]
  3992 | D:4      | Reached skill level 6 in Unarmed Combat
  4507 | D:4      | Identified the +1 leather armour of the Thunderstorm {rN+
                  | Dex+2}
  4741 | D:5      | Entered Level 5 of the Dungeon
  4911 | D:5      | Identified a +2 robe of the Archmagi
  4911 | D:5      | Noticed Blork the orc
  4917 | D:5      | Killed Blork the orc
  4918 | D:5      | Reached skill level 8 in Invocations
  4918 | D:5      | Reached XP level 8. HP: 58/58 MP: 12/14
  5295 | D:5      | Noticed Eustachio
  5301 | D:5      | Killed Eustachio
  5331 | D:5      | Reached skill level 4 in Fighting
  5344 | D:5      | Gained mutation: Your magical capacity is low. (-10% MP)
                  | [potion of mutation]
  5344 | D:5      | Gained mutation: You are strong-willed. (Will+) [potion of
                  | mutation]
  5498 | D:5      | Reached skill level 7 in Unarmed Combat
  5501 | D:5      | You pick up a book of Annihilations and begin reading...
  5501 | D:5      | You add the spells Chain Lightning, Fire Storm and Shatter
                  | to your library.
  6024 | D:5      | Noticed Ijyb
  6037 | D:5      | Killed Ijyb
  6106 | D:5      | Reached skill level 9 in Invocations
  6215 | D:5      | Reached *** piety under Nemelex Xobeh
  6636 | D:6      | Received a gift from Nemelex Xobeh
  6742 | D:6      | Slain by an ogre

Vanquished Creatures
  Eustachio (D:5)
  An ogre (D:4)
  A phantom (D:5)
  Blork the orc (D:5)
  2 scorpions
  A bullfrog zombie (D:5)
  A bullfrog skeleton (D:5)
  2 hounds (D:5)
  3 orc priests
  An iguana (D:4)
  Ijyb (D:5)
  Terence (D:2)
  2 orc wizards
  A hound skeleton (D:4)
  2 gnolls (D:5)
  5 adders
  A shadow imp (D:5)
  An adder skeleton (D:5)
  4 worms
  5 dart slugs
  4 orcs
  3 endoplasms
  7 giant cockroaches
  10 goblins
  10 hobgoblins
  A kobold (D:1)
  3 quokkas
  A ball python (D:1)
  3 bats
  3 frilled lizards
  5 rats
87 creatures vanquished.

Vanquished Creatures (collateral kills)
  Grinder (D:4)
  Menkaure (D:4)
  Edmund (D:4)
  An ogre (D:4)
  2 orc priests
  A hound (D:4)
  An orc wizard (D:5)
  Robin (D:2)
  2 gnolls (D:5)
  An adder skeleton (D:4)
  An orc (D:5)
  3 goblins (D:2)
  2 hobgoblins (D:2)
  A quokka (D:4)
19 creatures vanquished.

Grand Total: 106 creatures vanquished

Table legend:
 A = Non-vault XP
 B = Vault XP
 C = Vault XP percentage of total XP
 D = Non-vault monster count
 E = Vault monster count
 F = Vault count percentage of total count
                 A         B        C        D         E       F
            +---------+---------+-------+---------+---------+-------
      Total |    1333 |    1025 |  43.5 |      78 |      28 |  26.4
            +---------+---------+-------+---------+---------+-------
        D:1 |      36 |       0 |   0.0 |      18 |       0 |   0.0
        D:2 |       7 |      84 |  92.3 |       4 |      18 |  81.8
        D:3 |     147 |       0 |   0.0 |      18 |       0 |   0.0
        D:4 |     455 |     618 |  57.6 |      16 |       7 |  30.4
        D:5 |     571 |     323 |  36.1 |      19 |       3 |  13.6
        D:6 |     117 |       0 |   0.0 |       3 |       0 |   0.0
            +---------+---------+-------+---------+---------+-------

Illustrated notes

Table legend:
 A = Kills in this place as a percentage of kills in entire the game.
 B = Kills by you in this place as a percentage of kills by you in the entire game.
 C = Kills by friends in this place as a percentage of kills by friends in the entire game.
 D = Other kills in this place as a percentage of other kills in the entire game.
 E = Experience gained in this place as a percentage of experience gained in the entire game.
 F = Experience gained in this place divided by the number of levels of this place that you have seen.
                   A       B       C       D       E      F
               +-------+-------+-------+-------+-------+----------------------
         Total | 100.0 | 100.0 | 100.0 |   N/A | 100.0 | 393.0
       Dungeon | 100.0 | 100.0 | 100.0 |   N/A | 100.0 | 393.0
               +-------+-------+-------+-------+-------+----------------------

Table legend: (Time is in decaauts)
 A = Elapsed time spent in this place.
 B = Non-inter-level travel time spent in this place.
 C = Inter-level travel time spent in this place.
 D = Time resting spent in this place.
 E = Time spent auto-exploring this place.
 F = Levels seen in this place.
 G = Mean time per level.
                   A        B        C        D        E       F      G
               +--------+--------+--------+--------+--------+-----+--------+
         Total |   6727 |   6439 |    288 |   1745 |   3749 |   6 | 1121.2 |
       Dungeon |   6727 |   6439 |    288 |   1745 |   3749 |   6 | 1121.2 |
               +--------+--------+--------+--------+--------+-----+--------+

Top non-repeatable levels by time:
     D:5: 1604 daAuts
     D:4: 1327 daAuts
     D:2: 1205 daAuts
     D:1: 1197 daAuts
     D:3: 1008 daAuts
     D:6: 383 daAuts
